 Dungeon Crawl Stone Soup version 0.31-a0-656-gb4d89c20fa (webtiles) character file.

Game seed: 266962413370865046

33395 mandarbmax the Fighter (level 13, -6/119 HPs)
             Began as a Yellow Draconian Monk on Aug 31, 2023.
             Was a Follower of Uskayaw.
             Mangled by a death knight
             ... wielding a +3 battleaxe
              (32 damage)
             ... on level 13 of the Dungeon.
             The game lasted 00:39:44 (13976 turns).

mandarbmax the Fighter (Yellow Draconian Monk)     Turns: 13976, Time: 00:39:44

Health: -6/119     AC: 17    Str: 13    XL:     13   Next: 36%
Magic:  0/19       EV: 22    Int: 13    God:    Uskayaw [*.....]
Gold:   1980       SH:  0    Dex: 17    Spells: 12/12 levels left

rFire   . . .        n - +3 rapier (speed)
rCold   . . .        c - orb {light}
rNeg    . . .        (body armour unavailable)
rPois   +            (helmet restricted)
rElec   +            l - +2 cloak {Stlth+}
rCorr   +            h - +2 pair of gloves
SInv    +            g - +2 pair of boots "Siceguh" {rElec rCorr SInv Stlth-}
Will    .....        I - amulet of guardian spirit
Stlth   ++           s - ring of poison resistance
HPRegen 0.39/turn    D - +5 ring of evasion
MPRegen 0.16/turn

%: guardian spirit
@: short of breath, glowing, studying Fighting
A: spit acid, AC +8, unfitting armour, cold-blooded, acid resistance
a: Breathe Acid, Renounce Religion, Stomp


You were on level 13 of the Dungeon.
You worshipped Uskayaw.
Uskayaw was aware of your devotion.
You visited 2 branches of the dungeon, and saw 14 of its levels.
You also visited: Bailey.

You collected 1980 gold pieces.

Inventory:

Hand Weapons
 n - a +3 rapier of speed (weapon)
 y - a +5 long sword
 C - a +2 great sword
 T - a +2 long sword of electrocution
Missiles
 j - a throwing net
 o - 6 atropa-tipped darts
 B - 22 poisoned darts
 H - 6 boomerangs
 S - 4 javelins
Armour
 a - a +2 buckler of protection
 c - an orb of light (worn)
 g - the +2 pair of boots "Siceguh" (worn) {rElec rCorr SInv Stlth-}
   (You acquired it on level 4 of the Dungeon)

   rElec:     It insulates you from electricity.
   SInv:      It lets you see invisible.
   rCorr:     It protects you from acid and corrosion.
   Stlth-:    It makes you less stealthy.
 h - a +2 pair of gloves (worn)
 l - a +2 cloak of stealth (worn)
Jewellery
 s - a ring of poison resistance (left hand)
 D - a +5 ring of evasion (right hand)
 I - an amulet of guardian spirit (around neck)
 L - a ring of protection from fire
 M - a ring of flight
Talismans
 p - a beast talisman
Wands
 J - a wand of charming (5)
 P - a wand of iceblast (4)
 Q - a wand of acid (5)
Scrolls
 f - 2 scrolls of summoning
 k - 5 scrolls of amnesia
 v - 6 scrolls of teleportation
 A - 4 scrolls of fear
 G - a scroll of blinking
 K - a scroll of immolation
 N - 2 scrolls of enchant armour
 O - a scroll of fog
Potions
 b - 2 potions of ambrosia
 d - 4 potions of magic
 e - 6 potions of curing
 i - 2 potions of invisibility
 m - 2 potions of attraction
 q - 4 potions of brilliance
 r - 2 potions of mutation
 t - 3 potions of might {unknown}
 u - 2 potions of haste {unknown}
 w - 2 potions of heal wounds
 x - 3 potions of cancellation {unknown}
 z - a potion of enlightenment
 E - 2 potions of resistance
 F - a potion of berserk rage
 R - a potion of lignification {unknown}


   Skills:
 + Level 12.4 Fighting
 * Level 12.3(13.1) Short Blades
 - Level 7.0(10.6) Long Blades
 - Level 5.0 Throwing
 + Level 9.5 Dodging
 + Level 7.5 Stealth
 + Level 9.3 Invocations


You had 12 spell levels left.
You didn't know any spells.
Your spell library contained the following spells:

 Spells                   Type           Power      Damage    Failure   Level
 Apportation              Tloc           0%         N/A       30%         1
 Freeze                   Ice            0%         1d3       30%         1
 Magic Dart               Conj           0%         1d3       30%         1
 Necrotise                Necr           0%         1d4       30%         1
 Sandblast                Erth           0%         2d4       30%         1
 Summon Small Mammal      Summ           0%         N/A       30%         1
 Call Imp                 Summ           0%         N/A       43%         2
 Ensorcelled Hibernation  Hex/Ice        0%         N/A       43%         2
 Lesser Beckoning         Tloc           0%         N/A       43%         2
 Passwall                 Tmut/Erth      0%         N/A       43%         2
 Searing Ray              Conj           0%         2d4       43%         2
 Sublimation of Blood     Necr           0%         N/A       43%         2
 Frozen Ramparts          Ice            0%         1d1       67%         3
 Gell's Gravitas          Tloc           0%         N/A       67%         3
 Hailstorm                Conj/Ice       0%         3d3       67%         3
 Mephitic Cloud           Conj/Pois/Air  0%         N/A       67%         3
 Stone Arrow              Conj/Erth      0%         3d7       67%         3
 Teleport Other           Tloc           0%         N/A       67%         3
 Anguish                  Hex/Necr       0%         N/A       97%         4
 Fulminant Prism          Conj/Hex       0%         3d5       97%         4
 Vhi's Electric Charge    Tloc/Air       0%         N/A       97%         4
 Arcjolt                  Conj/Air       0%         1d10      100%        5
 Maxwell's Capacitive Co  Air            0%         ∞         100%        8


Dungeon Overview and Level Annotations

Branches:
Dungeon (13/15)            Temple (1/1) D:5            Lair (0/5) D:8
    Orc (0/2) D:9          Vaults (0/5) D:13         Bailey (visited)

Altars:
Ashenzari
Cheibriados
Dithmenos
Elyvilon
Fedhas
Gozag
Hepliaklqana
Kikubaaqudgha
Makhleb
Nemelex Xobeh
Okawaru
Qazlal
Ru
Sif Muna
Uskayaw
Vehumet
Wu Jian
Xom
Yredelemnul
Zin
The Shining One

Shops:
D:9 :[

Annotations:
D:5 1 runed translucent door, Crazy Yiuf
Temple 2 transporters


Innate Abilities, Weirdness & Mutations

You can spit globs of acid.
Your golden yellow scales are hard. (AC +8)
You cannot fit into any form of body armour.
You are cold-blooded and may be slowed by cold attacks.
You are resistant to acid. (rCorr)


Message History

Aiming: Line Pass
Press: ? - help, Dir - move target The death knight appears confused.
You can no longer pass through a line of other dancers.
Unknown command.
The death knight hits you with a +3 battleaxe!!
You hit the death knight but do no damage.
The death knight is moderately wounded.
The death knight seems less confused.
The death knight closely misses you.
You hit the death knight but do no damage.
You tail-slap the death knight, but do no damage.
The death knight is moderately wounded.
You puncture the death knight!
You tail-slap the death knight, but do no damage.
The death knight is heavily wounded.
The death knight reflects your damage back at you!
You can now pass through a line of other dancers.
You puncture the death knight!
The death knight is heavily wounded.
The death knight reflects your damage back at you!
The death knight hits you with a +3 battleaxe!!
You hit the death knight.
The death knight is severely wounded.
The death knight reflects your damage back at you!
* * * LOW HITPOINT WARNING * * *
Press: ? - help, Shift-Dir - straight line, f - death knight
Aim: a death knight, wielding a +3 battleaxe and wearing a +0 chain mail (severely wounded, reflecting injuries, haloed, 79% to hit)
You spit a glob of acid.
The glob of acid hits the death knight!
The acid corrodes the death knight!
The death knight is almost dead.
The death knight reflects your damage back at you!
* * * LOW HITPOINT WARNING * * *
The death knight completely misses you.
Unknown command.
Aiming: Line Pass
Press: ? - help, Dir - move target, p - death knight The death knight appears confused.
You can no longer pass through a line of other dancers.
The death knight hits you with a +3 battleaxe!!
You die...

########(......................#
#.##<##.....[##...#######
#.#######..#######..######
#.#.....#..#.....#........
#.#.....#..#.....##.......
#.#..)).#..#.....#########
#.#.....#..'.....#
##.#.....#.)).....#
#..####''#@.###########
#.........p...........#
#.............)......(#
##########..#########)#
#.....'..'.....# #.#
#.....'..'...?.# #.#
#.....#..#.....###.###
#.....#..#.....#.....###
#∩....#..#....$###......


You could see a death knight (reflects damage, confused, corroded).

Vanquished Creatures
  Rupert (D:12)
  An ironbound preserver (D:13)
  A hydra (D:9)
  A centaur warrior (D:13)
  A boulder beetle (D:13)
  4 two-headed ogres
  Urug (D:12)
  A tengu warrior (D:13)
  10 skeletal warriors
  A wizard (D:9)
  4 deep elf pyromancers
  2 ugly things
  A cyclops (D:13)
  4 gargoyles
  An unseen horror (D:9)
  A kobold demonologist (D:12)
  A hornet (D:8)
  3 trolls
  2 slime creatures
  A shadow (D:10)
  5 wyverns (D:8)
  A vampire (Bailey)
  3 wraiths
  26 yaks
  Eustachio (D:4)
  2 basilisks
  3 steam dragons
  12 vampire mosquitoes
  Menkaure (D:7)
  Edmund (D:4)
  4 water moccasins (D:8)
  4 acid dragons
  6 orc warriors
  4 black bears
  5 centaurs
  An ogre (D:6)
  A wolf (D:8)
  2 phantoms
  4 kobold brigands
  2 gnoll sergeants
  3 bullfrogs
  4 scorpions
  16 wights
  8 vampire bats (Bailey)
  3 killer bees (D:11)
  8 electric eels (D:7)
  3 howler monkeys
  8 wolf zombies (Bailey)
  A lava snake (D:10)
  4 orc priests
  4 jellies
  3 hounds
  3 sleepcaps
  Jessica (D:2)
  Natasha (thrice) (D:4)
  4 iguanas
  18 orc wizards
  11 adders
  10 gnolls
  3 white imps
  An ufetubus (D:5)
  A worm (D:3)
  2 dart slugs
  57 orcs
  4 ball pythons
  2 endoplasms
  2 giant cockroaches
  8 goblins
  4 hobgoblins
  3 jackals (D:5)
  4 quokkas
  A bat (D:1)
  2 frilled lizards
  29 kobolds
  16 orc zombies (Bailey)
  4 rats
388 creatures vanquished.

Vanquished Creatures (others)
  A wight (D:9)
1 creature vanquished.

Grand Total: 389 creatures vanquished

Notes
Turn   | Place    | Note
-------+----------+-------------------------------------------
     0 | D:1      | mandarbmax the Draconian Monk began the quest for the Orb.
     0 | D:1      | Reached XP level 1. HP: 19/19 MP: 1/1
   162 | D:1      | Reached XP level 2. HP: 26/26 MP: 2/2
   565 | D:2      | Reached XP level 3. HP: 17/33 MP: 3/3
   683 | D:2      | Identified the +1 whip of the Ecumenical Temple {venom,
                  | rElec rF- rC+ Str+5}
   755 | D:2      | Noticed Jessica
   760 | D:2      | Killed Jessica
   797 | D:2      | Got Jessica's Collected Works on Sciomancy
   816 | D:2      | Reached XP level 4. HP: 32/40 MP: 4/4
  1793 | D:3      | Found a broken altar of Ashenzari.
  2053 | D:4      | Reached XP level 5. HP: 27/46 MP: 5/5
  2148 | D:4      | Noticed Edmund
  2340 | D:4      | Noticed Eustachio
  2374 | D:4      | Killed Eustachio
  2375 | D:4      | Reached skill level 5 in Long Blades
  2375 | D:4      | Reached skill level 1 in Throwing
  2375 | D:4      | Reached XP level 6. HP: 41/53 MP: 6/6
  2444 | D:4      | Noticed Natasha
  2452 | D:4      | Killed Natasha
  2471 | D:4      | Found an opulent altar of Gozag.
  2514 | D:4      | Noticed Natasha
  2523 | D:4      | Killed Natasha
  2525 | D:4      | Identified a scroll of acquirement
  2529 | D:4      | Acquired the +2 pair of boots "Siceguh" {rElec rCorr SInv
                  | Stlth-}
  2643 | D:4      | Found an ornate altar of the Wu Jian Council.
  2945 | D:4      | Killed Edmund
  2946 | D:4      | Reached skill level 5 in Fighting
  3129 | D:4      | Noticed Natasha
  3136 | D:4      | Killed Natasha
  3137 | D:4      | Your scales start taking on a golden yellow colour.
  3137 | D:4      | Reached XP level 7. HP: 61/61 MP: 7/7
  3137 | D:4      | Gained mutation: You are resistant to acid. (rCorr) [Yellow
                  | Draconian growth]
  3392 | D:5      | Entered Level 5 of the Dungeon
  3734 | D:5      | Found a runed translucent door.
  3735 | D:5      | Noticed Crazy Yiuf
  3882 | D:5      | Noticed a wraith
  3887 | D:5      | Noticed a yak
  3893 | D:5      | Killed a wraith
  3901 | D:5      | Killed a yak
  4025 | D:5      | Reached XP level 8. HP: 35/70 MP: 8/8
  4184 | D:5      | Found a staircase to the Ecumenical Temple.
  4202 | Temple   | Found a transporter.
  4202 | Temple   | Found a transporter.
  4202 | Temple   | Found a transporter.
  4202 | Temple   | Found a transporter.
  4202 | Temple   | Entered the Ecumenical Temple
  4218 | Temple   | Became a worshipper of Uskayaw the Reveller
  4218 | Temple   | Reached * piety under Uskayaw
  4239 | D:5      | Reached ** piety under Uskayaw
  4648 | D:6      | Reached *** piety under Uskayaw
  4650 | D:6      | Reached **** piety under Uskayaw
  4651 | D:6      | Reached skill level 1 in Short Blades
  4652 | D:6      | Reached skill level 5 in Dodging
  4652 | D:6      | Reached skill level 1 in Invocations
  4758 | D:6      | Reached ***** piety under Uskayaw
  4792 | D:6      | Reached ****** piety under Uskayaw
  4938 | D:6      | Reached XP level 9. HP: 78/78 MP: 10/10
  4995 | D:6      | Identified the +4 battleaxe of the Past {flame, rF++ Will++
                  | Dex-4}
  5182 | D:6      | Found a basalt altar of Yredelemnul.
  5268 | D:7      | Found a flagged portal.
  5277 | Bailey   | Entered a bailey
  5361 | Bailey   | Noticed a gargoyle
  5365 | Bailey   | Killed a gargoyle
  5466 | Bailey   | Identified the +4 ring mail of Hubris {+Blink Str+3}
  5674 | Bailey   | Reached skill level 5 in Short Blades
  6041 | D:7      | Reached skill level 1 in Stealth
  6207 | D:7      | Reached skill level 5 in Throwing
  6207 | D:7      | Reached XP level 10. HP: 86/86 MP: 13/13
  6259 | D:7      | Identified the +9 spear of the Curious Mouths {heavy,
                  | *Noise rElec SInv}
  6619 | D:7      | Noticed Menkaure
  6628 | D:7      | Killed Menkaure
  7166 | D:8      | Noticed a gargoyle
  7177 | D:8      | Killed a gargoyle
  7178 | D:8      | Reached skill level 5 in Invocations
  7983 | D:8      | Found a staircase to the Lair.
  8695 | D:9      | Noticed a walking frostbound tome
  8696 | D:9      | Noticed a walking crystal tome
  8700 | D:9      | Found Reabbo Meso's Book Shop.
  8793 | D:9      | Reached XP level 11. HP: 84/94 MP: 13/15
  8822 | D:9      | Noticed a four-headed hydra
  8896 | D:9      | Noticed a skeletal warrior
  8952 | D:9      | Noticed a wizard
  8963 | D:9      | Killed a wizard
  8969 | D:9      | Noticed a deep elf pyromancer
  8984 | D:9      | Killed a deep elf pyromancer
  9006 | D:9      | Killed a skeletal warrior
  9018 | D:9      | Killed a four-headed hydra
  9281 | D:9      | Found Juheaxzeij's Armour Shoppe.
  9380 | D:9      | Noticed a two-headed ogre
  9392 | D:9      | Killed a two-headed ogre
  9568 | D:9      | Identified the +5 shortbow of Contention {elec, rF+}
  9665 | D:9      | Found a stormy altar of Qazlal.
  9671 | D:9      | Noticed a two-headed ogre
  9698 | D:9      | Killed a two-headed ogre
  9713 | D:9      | Noticed a white ugly thing
  9730 | D:9      | Killed a white ugly thing
  9731 | D:9      | Reached skill level 5 in Stealth
  9921 | D:9      | Found a sparkling altar of Nemelex Xobeh.
  9988 | D:9      | Found a staircase to the Orcish Mines.
 10121 | D:10     | Entered Level 10 of the Dungeon
 10427 | D:10     | Found a shadowy altar of Dithmenos.
 10428 | D:10     | Found a white marble altar of Elyvilon.
 10725 | D:10     | Found a radiant altar of Vehumet.
 10725 | D:10     | Found a snail-covered altar of Cheibriados.
 10904 | D:11     | Reached skill level 10 in Short Blades
 11064 | D:11     | Reached XP level 12. HP: 99/106 MP: 14/17
 11167 | D:11     | Reached skill level 10 in Fighting
 11228 | D:11     | Acquired 1055 gold pieces
 11229 | D:11     | Acquired a manual of Fighting
 11396 | D:11     | Noticed a two-headed ogre
 11403 | D:11     | Killed a two-headed ogre
 12063 | D:12     | Noticed Urug
 12095 | D:12     | Killed Urug
 12434 | D:12     | Noticed Rupert
 12569 | D:12     | Paralysed by Rupert for 4 turns
 12597 | D:12     | Killed Rupert
 13055 | D:13     | Noticed a centaur warrior
 13065 | D:13     | Killed a centaur warrior
 13066 | D:13     | Reached XP level 13. HP: 80/117 MP: 13/19
 13895 | D:13     | Noticed an ironbound preserver
 13896 | D:13     | Found a gate to the Vaults.
 13934 | D:13     | Killed an ironbound preserver
 13976 | D:13     | Mangled by a death knight

Illustrated notes

Levels and vault maps discovered:
D:1:      tarquinn_simple_flora_water_e, layout_basic, minmay_three_crescents
D:2:      layout_basic, kennysheep_jessica_study
D:3:      layout_loops_ring, mainiacjoe_overflow_alcove_1, dk_noncrumbling_4
D:4:      layout_basic, mainiacjoe_overflow_alcove_2,
          mainiacjoe_overflow_cross_hatched, uniq_eustachio, uniq_natasha,
          uniq_edmund
D:5:      layout_loops_ring, minmay_temple_entry_crystal_x, minmay_small_thing,
          uniq_crazy_yiuf_cottage
D:6:      layout_rooms, lemuel_coloured_pillars_altar, grunt_potential
D:7:      layout_gridville, serial_bayou, serial_bayou_crossing,
          serial_bayou_pond_c, serial_bayou_ford_a, serial_bayou_lake_a,
          enter_bailey_2, minivault_22, uniq_menkaure
D:8:      layout_layer_cave, minmay_lair_entry_grove,
          nicolae_concentric_dashed_squares_wild
D:9:      layout_loops_corners, nemelex_xobeh_ov_fountains_minmay,
          mainiacjoe_overflow_brackets, hiddenorc1_lemuel, serial_shops,
          nicolae_shop_mannequins, shop, minmay_fractal_squares_gapless_7
D:10:     layout_cave_pools, nicolae_overflow_two_pavilions,
          nicolae_overflow_hidden_temple
D:11:     layout_roguey
D:12:     layout_basic, uniq_urug, uniq_rupert
D:13:     layout_loops_ring, skrybe_vaults_entry_preservation
Temple:   hellmonk_temple_divided_pantheon

Skill      XL: |  1  2  3  4  5  6  7  8  9 10 11 12 13 |
---------------+----------------------------------------+-----
Dodging        | 3 4 5 6 7 8 9 |  9.5
Long Blades    | 4 5 6 7 |  7.0
Fighting       | 4 5 6 7 8 9 11 12 | 12.4
Throwing       | 1 2 3 5 |  5.0
Short Blades   | 3 6 8 10 11 12 | 12.3
Invocations    | 2 4 5 7 8 9 |  9.3
Stealth        | 1 3 5 6 7 |  7.5

Action                     |  1- 3 |  4- 6 |  7- 9 | 10-12 | 13-15 || total
---------------------------+-------+-------+-------+-------+-------++-------
  Melee: Falchion          |    65 |    99 |       |       |       ||   164
         Tailslap          |     7 |    34 |    77 |   212 |    55 ||   385
         Rapier            |       |    74 |   386 |   942 |   212 ||  1614
  Throw: Dart              |       |     9 |    20 |    74 |       ||   103
         Boomerang         |       |       |       |     3 |       ||     3
         Throwing net      |       |       |       |     1 |       ||     1
 Invoke: Line Pass         |       |       |     4 |     6 |     4 ||    14
         Stomp             |       |       |     3 |       |       ||     3
Ability: Breathe Acid      |       |       |    31 |    45 |     7 ||    83
  Evoke: Wand              |       |       |     8 |       |     1 ||     9
    Use: Scroll            |       |    11 |     5 |    14 |       ||    30
         Potion            |       |       |     6 |       |     1 ||     7
   Stab: Invisible         |       |     2 |       |       |       ||     2
         Paralysed         |       |       |    13 |    43 |     6 ||    62
         Confused          |       |       |     2 |     8 |       ||    10
         Held in net/web   |       |       |       |     2 |       ||     2
 Armour: Skin              |    32 |    36 |    87 |   153 |    22 ||   330
  Dodge: Dodged            |    45 |   111 |   305 |   467 |    70 ||   998

Table legend: (Time is in decaauts)
 A = Elapsed time spent in this place.
 B = Non-inter-level travel time spent in this place.
 C = Inter-level travel time spent in this place.
 D = Time resting spent in this place.
 E = Time spent auto-exploring this place.
 F = Levels seen in this place.
 G = Mean time per level.
                   A        B        C        D        E       F      G
               +--------+--------+--------+--------+--------+-----+--------+
         Total |  13201 |  12999 |    202 |    582 |   9986 |  15 |  880.1 |
       Dungeon |  12590 |  12388 |    202 |    346 |   9869 |  13 |  968.5 |
        Temple |     30 |     30 |      0 |      0 |      0 |   1 |   30.0 |
        Bailey |    580 |    580 |      0 |    236 |    117 |   1 |  580.0 |
               +--------+--------+--------+--------+--------+-----+--------+

Top non-repeatable levels by time:
     D:8: 1458 daAuts
     D:4: 1343 daAuts
     D:9: 1337 daAuts
    D:12: 1305 daAuts
     D:7: 1225 daAuts
     D:5: 1169 daAuts
     D:2: 852 daAuts
    D:13: 784 daAuts
    D:11: 768 daAuts
     D:3: 637 daAuts
     D:6: 584 daAuts
  Bailey: 580 daAuts
    D:10: 573 daAuts
     D:1: 549 daAuts
  Temple: 30 daAuts
